TOP OF THE 1ST |
Key West Barracudas batting - Pitching for BlackIron Dragons : RHP Ramiro Sierra
|
Pitching: RHP Ramiro Sierra
|
|
Batting: RHB Rob DeWitt
|
0-0: Called Strike 0-1: Ball 1-1: Swinging Strike 1-2: SINGLE (Line Drive, 56)
|
Batting: RHB Ramón Díaz
|
0-0: Ball 1-0: Foul Ball, location: 2F 1-1: Ball 2-1: Swinging Strike 2-2: Foul Ball, location: 2F 2-2: Fly out, F8 (Flyball, 8LS)
|
Batting: SHB Brock Owens
|
0-0: Ball 1-0: Ball 2-0: Foul Ball, location: 2F 2-1: Ball Rob DeWitt steals 2nd base 3-1: Ground out 5-3 (Groundball, 56S) Rob DeWitt to third
|
Batting: RHB Cris Lugo
|
0-0: Called Strike 0-1: Foul Ball, location: 2F 0-2: Strikes out looking
|
Top of the 1st over - 0 runs, 1 hit, 0 errors, 1 left on base; Key West 0 - BlackIron 0 |
BOTTOM OF THE 1ST |
BlackIron Dragons batting - Pitching for Key West Barracudas : LHP José Mercado
|
Pitching: LHP José Mercado
|
|
Batting: RHB Joaquín Valenzuela
|
0-0: Called Strike 0-1: Ball 1-1: Foul Ball, location: 2F 1-2: Foul Ball, location: 2F 1-2: Ground out U3 (Groundball, 3)
|
Batting: RHB Iván Granados
|
0-0: Fly out, F4 (Line Drive, 4)
|
Batting: RHB Jimmy King
|
0-0: Called Strike 0-1: Ball 1-1: Foul Ball, location: 2F 1-2: Ball 2-2: Fly out, F7 (Flyball, 7D)
|
Bottom of the 1st over - 0 runs, 0 hits, 0 errors, 0 left on base; Key West 0 - BlackIron 0 |
TOP OF THE 2ND |
Key West Barracudas batting - Pitching for BlackIron Dragons : RHP Ramiro Sierra
|
Batting: RHB Scotty Hicks
|
0-0: Ball 1-0: Ball 2-0: Ball 3-0: Base on Balls
|
Batting: LHB Howard White
|
0-0: Foul Ball, location: 2F 0-1: Called Strike 0-2: SINGLE (Groundball, 56D) Scotty Hicks to second
|
Batting: RHB Anastasio Zartuche
|
0-0: Called Strike 0-1: SINGLE (Groundball, 4MD) Scotty Hicks to third Howard White to second Runner from 3rd tries for Home, SAFE, no throw
|
Batting: LHB Mauro Díaz
|
0-0: Ball 1-0: Ball 2-0: Fielders Choice at 2nd, 4-6 (Groundball, 4) Howard White to third
|
Batting: RHB Ramiro Javier
|
0-0: SINGLE (Groundball, 4M) (infield hit) Howard White scores Mauro Díaz to second
|
Batting: RHB Rob DeWitt
|
0-0: Ball 1-0: Ball 2-0: SINGLE (Line Drive, 89S) Mauro Díaz to third Ramiro Javier to second Runner from 3rd tries for Home, SAFE, no throw
|
Batting: RHB Ramón Díaz
|
0-0: Ball 1-0: SINGLE (Groundball, 34D) Ramiro Javier to third Rob DeWitt to second Runner from 3rd tries for Home, SAFE, no throw
|
Batting: SHB Brock Owens
|
0-0: DOUBLE (Flyball, 78D) Rob DeWitt scores Ramón Díaz to third
|
Batting: RHB Cris Lugo
|
0-0: Called Strike 0-1: Ball 1-1: Foul Ball, location: 2F 1-2: Ball 2-2: Ball 3-2: Foul Ball, location: 2F 3-2: Ground out 6-3 (Groundball, 6) Ramón Díaz scores Brock Owens to third
|
Batting: RHB Scotty Hicks
|
0-0: Called Strike 0-1: Called Strike 0-2: Strikes out swinging
|
Top of the 2nd over - 6 runs, 6 hits, 0 errors, 1 left on base; Key West 6 - BlackIron 0 |
BOTTOM OF THE 2ND |
BlackIron Dragons batting - Pitching for Key West Barracudas : LHP José Mercado
|
Batting: RHB Foster Hapgood
|
0-0: Swinging Strike 0-1: Foul Ball, location: 2F 0-2: Foul Ball, location: 2F 0-2: Ball 1-2: Strikes out swinging
|
Batting: SHB David Boyle
|
0-0: Called Strike 0-1: Ball 1-1: Ball 2-1: Ball 3-1: Base on Balls
|
Batting: RHB Randall Walker
|
0-0: Ball David Boyle steals 2nd base 1-0: Ball Passed Ball! David Boyle to third 2-0: Ball 3-0: Called Strike 3-1: Base on Balls
|
Batting: RHB Millard Long
|
0-0: Ball 1-0: Foul Ball, location: 2F 1-1: Ball 2-1: Fly out, F8 (Flyball, 8RD) Runner from 3rd tags up, SCORES, no throw
|
Batting: RHB Roderick Silva
|
0-0: Called Strike 0-1: SINGLE (Line Drive, 6MD) Randall Walker to second Runner from 2nd tries for 3rd, SAFE, no throw
|
Batting: RHB Júlio Rodríguez
|
0-0: Ball 1-0: Swinging Strike 1-1: Called Strike 1-2: Strikes out looking
|
Bottom of the 2nd over - 1 run, 1 hit, 0 errors, 2 left on base; Key West 6 - BlackIron 1 |
TOP OF THE 3RD |
Key West Barracudas batting - Pitching for BlackIron Dragons : RHP Ramiro Sierra
|
Batting: LHB Howard White
|
0-0: Ball 1-0: Called Strike 1-1: Foul Ball, location: 2F 1-2: Ball 2-2: Strikes out swinging
|
Batting: RHB Anastasio Zartuche
|
0-0: Ball 1-0: Ground out 6-3 (Groundball, 6S)
|
Batting: LHB Mauro Díaz
|
0-0: Called Strike 0-1: Called Strike 0-2: Ball 1-2: Strikes out swinging
|
Top of the 3rd over - 0 runs, 0 hits, 0 errors, 0 left on base; Key West 6 - BlackIron 1 |
BOTTOM OF THE 3RD |
BlackIron Dragons batting - Pitching for Key West Barracudas : LHP José Mercado
|
Batting: RHB Joaquín Valenzuela
|
0-0: Called Strike 0-1: Fly out, F7 (Line Drive, 7)
|
Batting: RHB Iván Granados
|
0-0: Called Strike 0-1: Ball 1-1: SINGLE (Groundball, 6D)
|
Batting: RHB Jimmy King
|
0-0: Fielders Choice at 2nd, 6-4 (Groundball, 6)
|
Batting: RHB Foster Hapgood
|
0-0: Called Strike 0-1: SINGLE (Line Drive, 89S) Jimmy King to second Runner from 2nd tries for 3rd, SAFE, no throw
|
Batting: SHB David Boyle
|
0-0: Ball 1-0: Called Strike 1-1: Called Strike 1-2: Foul Ball, location: 2F 1-2: Ball 2-2: Ball 3-2: Ground out 4-3 (Groundball, 4)
|
Bottom of the 3rd over - 0 runs, 2 hits, 0 errors, 2 left on base; Key West 6 - BlackIron 1 |
TOP OF THE 4TH |
Key West Barracudas batting - Pitching for BlackIron Dragons : RHP Ramiro Sierra
|
Batting: RHB Ramiro Javier
|
0-0: Called Strike 0-1: Ball 1-1: Ground out U3 (Groundball, 34S)
|
Batting: RHB Rob DeWitt
|
0-0: Ball 1-0: Foul Ball, location: 2F 1-1: Swinging Strike 1-2: Ground out 6-3 (Groundball, 6)
|
Batting: RHB Ramón Díaz
|
0-0: Foul Ball, location: 2F 0-1: Ball 1-1: Swinging Strike 1-2: Foul Ball, location: 2F 1-2: Ball 2-2: Ball 3-2: Strikes out looking
|
Top of the 4th over - 0 runs, 0 hits, 0 errors, 0 left on base; Key West 6 - BlackIron 1 |
BOTTOM OF THE 4TH |
BlackIron Dragons batting - Pitching for Key West Barracudas : LHP José Mercado
|
Batting: RHB Randall Walker
|
0-0: Called Strike 0-1: Swinging Strike 0-2: Ball 1-2: Strikes out swinging
|
Batting: RHB Millard Long
|
0-0: Foul Ball, location: 2F 0-1: Ground out 5-3 (Groundball, 5)
|
Batting: RHB Roderick Silva
|
0-0: Ball 1-0: Ball 2-0: Swinging Strike 2-1: Fly out, F6 (Line Drive, 6)
|
Bottom of the 4th over - 0 runs, 0 hits, 0 errors, 0 left on base; Key West 6 - BlackIron 1 |
TOP OF THE 5TH |
Key West Barracudas batting - Pitching for BlackIron Dragons : RHP Ramiro Sierra
|
Batting: SHB Brock Owens
|
0-0: Ball 1-0: Foul Ball, location: 2F 1-1: Ball 2-1: Ball 3-1: Ground out 5-3 (Groundball, 56S)
|
Batting: RHB Cris Lugo
|
0-0: Foul Ball, location: 2F 0-1: Ball 1-1: Foul Ball, location: 2F 1-2: Ball 2-2: Strikes out swinging
|
Batting: RHB Scotty Hicks
|
0-0: Foul Ball, location: 2F 0-1: Foul Ball, location: 2F 0-2: Ball 1-2: Strikes out swinging
|
Top of the 5th over - 0 runs, 0 hits, 0 errors, 0 left on base; Key West 6 - BlackIron 1 |
BOTTOM OF THE 5TH |
BlackIron Dragons batting - Pitching for Key West Barracudas : LHP José Mercado
|
Batting: RHB Júlio Rodríguez
|
0-0: Ball 1-0: Foul Ball, location: 2F 1-1: Ball 2-1: Called Strike 2-2: Ball 3-2: Strikes out looking
|
Batting: RHB Joaquín Valenzuela
|
0-0: Ball 1-0: Ball 2-0: Ball 3-0: Base on Balls
|
Pitching: RHP José Cuellar
|
|
Batting: RHB Iván Granados
|
0-0: Grounds into double play, 4-6-3 (Groundball, 4)
|
Bottom of the 5th over - 0 runs, 0 hits, 0 errors, 0 left on base; Key West 6 - BlackIron 1 |
TOP OF THE 6TH |
Key West Barracudas batting - Pitching for BlackIron Dragons : RHP Ramiro Sierra
|
Pitching: LHP Ben Newman
|
|
Batting: LHB Howard White
|
0-0: Ball 1-0: Ball 2-0: Foul Ball, location: 2F 2-1: Foul Ball, location: 2F 2-2: Ball 3-2: Strikes out looking
|
Batting: RHB Anastasio Zartuche
|
0-0: Ball 1-0: TRIPLE (Groundball, 3L)
|
Batting: LHB Mauro Díaz
|
0-0: Ball 1-0: Ball 2-0: Ball 3-0: Base on Balls
|
Batting: RHB Ramiro Javier
|
0-0: Ball 1-0: Ground out 4-3 (Groundball, 34) Anastasio Zartuche scores Mauro Díaz to second
|
Batting: RHB Rob DeWitt
|
0-0: Called Strike 0-1: Ball 1-1: Foul Ball, location: 2F 1-2: Strikes out looking
|
Top of the 6th over - 1 run, 1 hit, 0 errors, 1 left on base; Key West 7 - BlackIron 1 |
BOTTOM OF THE 6TH |
BlackIron Dragons batting - Pitching for Key West Barracudas : RHP José Cuellar
|
Batting: RHB Jimmy King
|
0-0: Ball 1-0: Ball 2-0: Ball 3-0: Base on Balls
|
Batting: RHB Foster Hapgood
|
0-0: Called Strike 0-1: Grounds into double play, 5-4-3 (Groundball, 5)
|
Batting: SHB David Boyle
|
0-0: Ball 1-0: Called Strike 1-1: Ground out 5-3 (Groundball, 5)
|
Bottom of the 6th over - 0 runs, 0 hits, 0 errors, 0 left on base; Key West 7 - BlackIron 1 |
TOP OF THE 7TH |
Key West Barracudas batting - Pitching for BlackIron Dragons : LHP Ben Newman
|
Batting: RHB Ramón Díaz
|
0-0: Called Strike 0-1: SINGLE (Groundball, 23) (infield hit)
|
Batting: SHB Brock Owens
|
0-0: Called Strike 0-1: Ball 1-1: Foul Ball, location: 2F 1-2: Foul Ball, location: 2F 1-2: Ball 2-2: Foul Ball, location: 2F 2-2: Ball 3-2: Foul Ball, location: 2F 3-2: Foul Ball, location: 2F 3-2: Fielders Choice at 2nd, 6-4 (Groundball, 56)
|
Batting: RHB Cris Lugo
|
0-0: Called Strike 0-1: Ball 1-1: Called Strike 1-2: Ball 2-2: Strikes out swinging
|
Batting: RHB Scotty Hicks
|
0-0: Ball Brock Owens is caught stealing 2nd base
|
Top of the 7th over - 0 runs, 1 hit, 0 errors, 0 left on base; Key West 7 - BlackIron 1 |
BOTTOM OF THE 7TH |
BlackIron Dragons batting - Pitching for Key West Barracudas : RHP José Cuellar
|
Batting: RHB Randall Walker
|
0-0: Foul Ball, location: 2F 0-1: Called Strike 0-2: Ball 1-2: Ball 2-2: Ball 3-2: Foul Ball, location: 2F 3-2: Ground out 6-3 (Groundball, 6)
|
Batting: RHB Millard Long
|
0-0: Ball 1-0: Called Strike 1-1: Ball 2-1: Foul Ball, location: 2F 2-2: Foul Ball, location: 2F 2-2: Strikes out looking
|
Batting: RHB Roderick Silva
|
0-0: Swinging Strike 0-1: Ball 1-1: Ball 2-1: Ground out 1-3 (Groundball, P)
|
Bottom of the 7th over - 0 runs, 0 hits, 0 errors, 0 left on base; Key West 7 - BlackIron 1 |
TOP OF THE 8TH |
Key West Barracudas batting - Pitching for BlackIron Dragons : LHP Ben Newman
|
Batting: RHB Scotty Hicks
|
0-0: Ball 1-0: Ground out 4-3 (Groundball, 4)
|
Batting: LHB Howard White
|
0-0: Ball 1-0: Ground out 6-3 (Groundball, 6)
|
Batting: RHB Anastasio Zartuche
|
0-0: Ball 1-0: Called Strike 1-1: Called Strike 1-2: Foul Ball, location: 2F 1-2: Ball 2-2: Ball 3-2: Foul Ball, location: 2F 3-2: Strikes out looking
|
Top of the 8th over - 0 runs, 0 hits, 0 errors, 0 left on base; Key West 7 - BlackIron 1 |
BOTTOM OF THE 8TH |
BlackIron Dragons batting - Pitching for Key West Barracudas : RHP José Cuellar
|
Batting: RHB Júlio Rodríguez
|
0-0: Called Strike 0-1: Called Strike 0-2: Fly out, F7 (Flyball, 7S)
|
Batting: RHB Joaquín Valenzuela
|
0-0: SINGLE (Flyball, 9S)
|
Batting: RHB Iván Granados
|
0-0: Ball 1-0: Ball 2-0: Called Strike 2-1: Ball 3-1: Base on Balls Joaquín Valenzuela to second
|
Batting: RHB Jimmy King
|
0-0: Ball 1-0: Foul Ball, location: 2F 1-1: Called Strike 1-2: SINGLE (Flyball, 89M) Joaquín Valenzuela to third Iván Granados to second Runner from 3rd tries for Home, SAFE, throw made home
|
Batting: RHB Foster Hapgood
|
0-0: Called Strike 0-1: Foul Ball, location: 2F 0-2: Ball 1-2: Strikes out looking
|
Batting: SHB David Boyle
|
0-0: Called Strike 0-1: Foul Ball, location: 2F 0-2: Foul Ball, location: 2F 0-2: Fly out, F5 (Popup, 5S)
|
Bottom of the 8th over - 1 run, 2 hits, 0 errors, 2 left on base; Key West 7 - BlackIron 2 |
TOP OF THE 9TH |
Key West Barracudas batting - Pitching for BlackIron Dragons : LHP Ben Newman
|
Pitching: RHP Juan Carlos Guerrero
|
|
Batting: LHB Mauro Díaz
|
0-0: Fly out, F8 (Line Drive, 8LS)
|
Batting: RHB Ramiro Javier
|
0-0: Ball 1-0: Called Strike 1-1: Ball 2-1: Ball 3-1: Called Strike 3-2: Base on Balls
|
Batting: RHB Rob DeWitt
|
0-0: Called Strike 0-1: Ball 1-1: Foul Ball, location: 2F 1-2: Foul Ball, location: 2F 1-2: Foul Ball, location: 2F 1-2: Foul Ball, location: 2F 1-2: Ball 2-2: SINGLE (Groundball, 6MD) Ramiro Javier to second
|
Batting: RHB Ramón Díaz
|
0-0: Grounds into double play, 1-6-3 (Groundball, 13)
|
Top of the 9th over - 0 runs, 1 hit, 0 errors, 1 left on base; Key West 7 - BlackIron 2 |
BOTTOM OF THE 9TH |
BlackIron Dragons batting - Pitching for Key West Barracudas : RHP José Cuellar
|
Batting: RHB Randall Walker
|
0-0: Called Strike 0-1: Ball 1-1: Ball 2-1: Ball 3-1: SINGLE (Line Drive, 78S)
|
Batting: RHB Millard Long
|
0-0: Ball 1-0: Ball 2-0: Swinging Strike 2-1: Foul Ball, location: 2F 2-2: Strikes out looking
|
Batting: RHB Roderick Silva
|
0-0: Ball 1-0: Ball 2-0: Ball 3-0: Called Strike 3-1: Called Strike 3-2: Strikes out swinging
|
Batting: RHB Júlio Rodríguez
|
0-0: Called Strike 0-1: Foul Ball, location: 2F 0-2: Foul Ball, location: 2F 0-2: SINGLE (Line Drive, 7LS) Randall Walker to second
|
Pitching: RHP Armando Chávez
|
|
Batting: RHB Joaquín Valenzuela
|
0-0: Foul Ball, location: 2F 0-1: Called Strike 0-2: Ball 1-2: SINGLE (Groundball, 6D) Randall Walker to third Júlio Rodríguez to second
|
Batting: RHB Iván Granados
|
0-0: Ball 1-0: Fly out, F8 (Flyball, 8RM)
|
Bottom of the 9th over - 0 runs, 3 hits, 0 errors, 3 left on base; Key West 7 - BlackIron 2 |
|